 Dungeon Crawl Stone Soup version 0.28.0-1-gb440e238dd (webtiles) character file.

Game seed: 1240830559630631431

212 croobank the Sneak (level 5, -22/36 HPs)
             Began as an Octopode Brigand on Feb 21, 2022.
             Was a Believer of Wu Jian.
             Annihilated by an orc warrior (23 damage)
             ... on level 4 of the Dungeon.
             The game lasted 00:11:13 (2784 turns).

croobank the Sneak (Octopode Brigand)               Turns: 2784, Time: 00:11:14

Health: -22/36     AC:  1    Str: 13    XL:     5   Next: 90%
Magic:  5/5        EV: 13    Int: 13    God:    Wu Jian [**....]
Gold:   183        SH:  0    Dex: 13    Spells: 4/4 levels left

rFire   . . .      SeeInvis .   s - +2 dagger (venom)
rCold   . . .      Faith    +   (no shield)
rNeg    + . .      Spirit   .   (helmet restricted)
rPois   .          Reflect  .   d - amulet of faith
rElec   .          Harm     .   e - ring of resist corrosion
rCorr   +          Rampage  .   v - ring of positive energy
Will    .....                   (no ring)
Stlth   ++++......              (no ring)
HPRegen 0.12/turn               (no ring)
MPRegen 0.09/turn               (no ring)
                                (no ring)
                                (no ring)

@: mighty
A: almost no armour, amphibious, 8 rings, camouflage 1, gelatinous body 1,
(nimble swimmer 1), tentacles
a: Renounce Religion, Wall Jump


You were on level 4 of the Dungeon.
You worshipped Wu Jian.
Wu Jian was pleased with you.
You visited 1 branch of the dungeon, and saw 4 of its levels.

You collected 183 gold pieces.

Inventory:

Hand Weapons
 a - a +2 dagger
 j - a +0 short sword of speed
 s - a +2 dagger of venom (weapon)
Missiles
 b - 8 poisoned darts
 c - 2 curare-tipped darts (quivered)
 h - 9 sling bullets
 k - 48 bolts
 o - 2 throwing nets
 q - 39 arrows
 t - 31 stones
Magical Staves
 g - a staff of air
Jewellery
 d - an amulet of faith (around mantle)
 e - a ring of resist corrosion (left tentacle)
 l - an amulet of reflection
 v - a ring of positive energy (right tentacle)
 w - a ring of fire
Wands
 f - a wand of iceblast (10)
 x - a wand of digging (7)
 y - a wand of flame (16)
Scrolls
 i - a scroll of immolation {unknown}
 z - a scroll of noise {unknown}
Potions
 n - 2 potions of invisibility
 p - 2 potions of flight
 r - a potion of curing {unknown}
 u - 2 potions of cancellation


   Skills:
 + Level 3.1 Fighting
 + Level 3.1 Short Blades
 + Level 3.1 Throwing
 + Level 2.4 Dodging
 + Level 6.4 Stealth


You had 4 spell levels left.
You didn't know any spells.
Your spell library was empty.

Dungeon Overview and Level Annotations

Branches:
Dungeon (4/15)
 Temple: D:4-7

Altars:
Vehumet
Wu Jian


Innate Abilities, Weirdness & Mutations

You cannot wear most types of armour.
You are amphibious.
You can wear up to eight rings at the same time.
Your skin changes colour to match your surroundings (Stealth+).
Your rubbery body absorbs attacks. (AC +1, EV +1)
((You are camouflaged when in or above water. (Stealth+)))
You have tentacles for arms and can constrict up to eight enemies at once.


Message History

You constrict the hobgoblin.
You kill the hobgoblin!
The Council accepts your kill.
z - a scroll labelled VIBLAGR RODE You open the door.
There is an open door here.
There is an open door here.
You open the door. 2 orcs come into view.
An orc is wielding a +2 dagger of speed.
Found a stone staircase leading down.
There is an open door here.
There is an open door here.
An orc warrior comes into view. It is wielding a +0 scimitar.
The orc shouts! x2; The orc warrior shouts!
You lunge at the orc.
You barely miss the orc. You grab the orc. You constrict the orc.
The orc barely misses you.
You completely miss the orc.
The orc is lightly wounded.
You constrict the orc. The orc hits you with a +0 club.
The orc barely misses you.
You hit the orc.
You kill the orc!
The Council accepts your kill. The orc barely misses you.
The orc hits you with a +2 dagger of speed.
You closely miss the orc. Your grab misses the orc. The orc barely misses you.
You completely miss the orc. You grab the orc.
You constrict the orc, but do no damage.
The orc warrior hits you with a +0 scimitar!
The orc hits you with a +2 dagger of speed.
You release your grip on the orc.
There is an open door here.
The orc warrior hits you with a +0 scimitar!
* * * LOW HITPOINT WARNING * * *
It was a potion of might.
You feel very mighty all of a sudden.
The orc warrior hits you with a +0 scimitar!!
Ouch! That really hurt!
You die...

#.................#
#..........>......#
#...........)....#
#.†...##'#########
#.....##..###
#.........#.#
#....o....'.#
#....o....#.#
#...@.########
#.....##..##.#
#.....##....:
#...<.##..##
#..........##
#...>.......#
#...........#
#.....##....#
#.....##....#


You could see an orc warrior and an orc.

Vanquished Creatures
  An orc priest (D:4)
  2 orc wizards (D:4)
  Ijyb (D:3)
  An adder (D:2)
  A worm (D:2)
  2 dart slugs
  11 orcs
  7 ball pythons
  4 bats (D:1)
  3 endoplasms
  6 giant cockroaches
  7 goblins
  8 hobgoblins
  7 jackals
  5 quokkas
  4 frilled lizards
  4 kobolds
  4 rats
78 creatures vanquished.

Notes
Turn   | Place    | Note
-------+----------+-------------------------------------------
     0 | D:1      | croobank the Octopode Brigand began the quest for the Orb.
     0 | D:1      | Reached XP level 1. HP: 14/14 MP: 1/1
    72 | D:1      | Reached XP level 2. HP: 19/19 MP: 2/2
   415 | D:1      | Reached XP level 3. HP: 24/24 MP: 3/3
   555 | D:1      | Found a faded altar of an unknown god.
   560 | D:1      | Prayed at the altar of an unknown god.
   560 | D:1      | Became a worshipper of the Wu Jian Council
   560 | D:1      | Reached * piety under Wu Jian
   961 | D:2      | You fall into a shaft and drop 2 floors!
  1083 | D:2      | Found a radiant altar of Vehumet.
  1236 | D:2      | Reached XP level 4. HP: 30/30 MP: 4/4
  1266 | D:2      | Reached ** piety under Wu Jian
  1994 | D:3      | Reached skill level 6 in Stealth
  2136 | D:3      | Noticed Ijyb
  2142 | D:3      | Killed Ijyb
  2207 | D:4      | Reached XP level 5. HP: 23/36 MP: 5/5
  2769 | D:4      | Noticed an orc warrior
  2782 | D:4      | HP: 1/36 [orc warrior (14)]
  2784 | D:4      | Annihilated by an orc warrior

Illustrated notes

Levels and vault maps discovered:
D:1:      ncdulo_wetmaze, layout_basic, ebering_ecumenical_altar_hall
D:2:      minmay_wonky_spiral, layout_basic, basic_altar
D:3:      layout_rooms, uniq_ijyb
D:4:      layout_gridville, grunt_temple_overflow_octagram

Skill      XL: |  1  2  3  4  5 |
---------------+----------------+-----
Stealth        | 6 |  6.4
Dodging        | 2 |  2.4
Fighting       | 3 |  3.1
Short Blades   | 3 |  3.1
Throwing       | 3 |  3.1

Action                   |  1- 3 |  4- 6 || total
-------------------------+-------+-------++-------
Melee: Dagger            |    45 |    67 ||   112
       Constrict         |    14 |    23 ||    37
       Tentacles         |     8 |    14 ||    22
       Short sword       |    25 |     3 ||    28
       Punch             |     1 |       ||     1
Throw: Dart              |       |     1 ||     1
Invok: Whirlwind         |     8 |     7 ||    15
       Lunge             |     3 |    10 ||    13
  Use: Scroll            |       |     4 ||     4
       Potion            |       |     1 ||     1
 Stab: Sleeping          |    21 |     5 ||    26
Dodge: Dodged            |    23 |    34 ||    57
